 Dungeon Crawl Stone Soup version 0.24.0-2-g5b39cebb1c (webtiles) character file.

Game seed: 9347329784713260691, levelgen mode: deterministic

133347 zhorgal the Severer (level 16, -10/225 (226) HPs)
             Began as a Minotaur Berserker on Oct 30, 2019.
             Was the Champion of Trog.
             Killed from afar by Roxanne (25 damage)
             ... with an iron shot
             ... on level 3 of the Swamp.
             The game lasted 01:39:43 (32966 turns).

zhorgal the Severer (Minotaur Berserker)           Turns: 32966, Time: 01:39:43

HP:   -10/225 (226) AC: 26    Str: 32    XL:     16   Next: 59%
MP:   22/22         EV: 12    Int:  4    God:    Trog [******]
Gold: 2609          SH: 19    Dex: 12    Spells: 15/15 levels left

rFire    + + .     SeeInvis .   a - +6 broad axe (freeze)
rCold    + + +     Gourm    .   X - +0 large shield {rN+}
rNeg     + . .     Faith    .   h - +2 plate armour {rF+}
rPois    +         Spirit   .   (helmet restricted)
rElec    .         Reflect  .   s - +2 cloak {MR+}
rCorr    .         Harm     .   n - +2 pair of gloves
MR       ++...                  M - +0 pair of boots
Stlth    ..........             (no amulet)
HPRegen  0.47/turn              k - ring of Trepidation {+Fly rPois rF+ rC+++ Str-5}
MPRegen  0.18/turn              F - +5 ring of strength

@: berserking, very quick
A: retaliatory headbutt, horns 2
a: Berserk, Trog's Hand, Brothers in Arms, Renounce Religion, Evoke Flight


You were on level 3 of the Swamp.
You worshipped Trog.
Trog was exalted by your worship.
You were hungry.

You visited 4 branches of the dungeon, and saw 26 of its levels.
You also visited: Bailey, Gauntlet and Volcano.

You collected 3002 gold pieces.
You spent 393 gold pieces at shops.

Inventory:

Hand Weapons
 a - a +6 broad axe of freezing (weapon)
 b - the +5 war axe of Instinct {flame, rElec rN+}
   (You took it off a centaur on level 11 of the Dungeon)

   It has been specially enchanted to burn those struck by it, causing extra
   injury to most foes and up to half again as much damage against particularly
   susceptible opponents.
   Big, fiery blades are also staple armaments of hydra-hunters.
   It insulates you from electricity.
   It protects you from negative energy.
 Q - a +4 vampiric executioner's axe
Missiles
 t - 41 javelins (quivered)
 O - 232 bolts
 R - 99 boomerangs
 W - 12 curare-tipped darts
 Z - 178 sling bullets
Armour
 h - a +2 plate armour of fire resistance (worn)
 n - a +2 pair of gloves (worn)
 s - a +2 cloak of magic resistance (worn)
 M - a +0 pair of boots (worn)
 X - a +0 large shield of positive energy (worn)
Jewellery
 k - the ring of Trepidation (left hand) {+Fly rPois rF+ rC+++ Str-5}
   (You found it in a Gauntlet)

   [ring of flight]

   It affects your strength (-5).
   It protects you from fire.
   It renders you almost immune to cold.
   It protects you from poison.
   It lets you fly.
 A - an uncursed ring of see invisible
 F - a +5 ring of strength (right hand)
 K - an uncursed ring of positive energy
Wands
 j - a wand of enslavement (20)
 o - a wand of flame (66)
 q - a wand of acid (19)
 z - a wand of disintegration (26)
 C - a wand of iceblast (61)
 D - a wand of digging (2)
 P - a wand of polymorph (10)
 S - a wand of clouds (4)
 U - a wand of paralysis (9)
Scrolls
 d - 12 scrolls of remove curse
 l - 2 scrolls of brand weapon
 m - 7 scrolls of enchant armour
 p - 7 scrolls of magic mapping
 u - 14 scrolls of teleportation
 y - a scroll of silence
 H - 4 scrolls of fear
 I - 8 scrolls of blinking
 V - 9 scrolls of identify
Potions
 e - 12 potions of heal wounds
 f - 4 potions of haste
 g - 3 potions of cancellation
 i - 3 potions of might
 r - 10 potions of mutation
 v - 12 potions of curing
 x - 2 potions of invisibility
 B - a potion of flight
 J - 4 potions of ambrosia
 L - a potion of resistance
 N - 3 potions of agility
 Y - 6 potions of lignification
Miscellaneous
 E - a lamp of fire
 T - 2 phantom mirrors
Comestibles
 c - 53 rations
 w - 4 chunks of flesh


   Skills:
 + Level 15.8 Fighting
 + Level 19.7 Axes
 + Level 13.5 Armour
 + Level 12.6 Dodging
 + Level 10.3 Shields
 - Level 10.0 Evocations


You had 15 spell levels left.
You didn't know any spells.
Your spell library contained the following spells:

 Spells                   Type           Power        Failure   Level  Hunger
 Confusing Touch          Hex            #.....       100%        1    ##.....
 Corona                   Hex            #......      100%        1    ##.....
 Infusion                 Chrm           #...         100%        1    ##.....
 Summon Small Mammal      Summ           #...         100%        1    ##.....
 Call Imp                 Summ           #.......     100%        2    ###....
 Shroud of Golubria       Chrm/Tloc      #.....       100%        2    ###....
 Slow                     Hex            #.......     100%        2    ###....
 Song of Slaying          Chrm           #.......     100%        2    ###....
 Call Canine Familiar     Summ           #.......     100%        3    ####...
 Inner Flame              Hex/Fire       #.......     100%        3    ####...
 Portal Projectile        Hex/Tloc       #.....       100%        3    ####...
 Regeneration             Chrm/Necr      #.........   100%        3    ####...
 Spectral Weapon          Hex/Chrm       #.......     100%        3    ####...
 Summon Guardian Golem    Hex/Summ       #.......     100%        3    ####...
 Cause Fear               Hex            #.........   100%        4    #####..
 Leda's Liquefaction      Hex/Erth       #.........   100%        4    #####..
 Summon Ice Beast         Ice/Summ       #.......     100%        4    #####..
 Summon Lightning Spire   Summ/Air       #.......     100%        4    #####..
 Bolt of Magma            Conj/Fire/Erth #.........   100%        5    ######.
 Irradiate                Conj/Tmut      #.........   100%        5    ######.
 Iskenderun's Battlesphe  Conj/Chrm      #.......     100%        5    ######.
 Metabolic Englaciation   Hex/Ice        #.........   100%        5    ######.
 Silence                  Hex/Air        #.........   100%        5    ######.
 Venom Bolt               Conj/Pois      #.........   100%        5    ######.
 Conjure Ball Lightning   Conj/Air       #.........   100%        6    #######
 Deflect Missiles         Chrm/Air       #.........   100%        6    #######
 Hydra Form               Tmut           #.........   100%        6    #######
 Iron Shot                Conj/Erth      #.........   100%        6    #######
 Statue Form              Tmut/Erth      #........    100%        6    #######
 Dragon Form              Tmut           #.........   100%        7    #######
 Orb of Destruction       Conj           #.........   100%        7    #######
 Spellforged Servitor     Conj/Summ      #.........   100%        7    #######
 Tornado                  Air            #.........   100%        9    #######


Dungeon Overview and Level Annotations

Branches:
Dungeon (15/15)            Temple (0/1) D:7            Lair (6/6) D:8
  Swamp (3/4) Lair:4        Snake (0/4) Lair:4        Slime (0/5) Lair:6
    Orc (2/2) D:12            Elf (0/3) Orc:2        Vaults (0/5) D:13
 Depths (0/5) D:15         Bailey (visited)         Volcano (visited)
Gauntlet (visited)

Altars:
Ashenzari
Cheibriados
Dithmenos
Gozag
Nemelex Xobeh
Okawaru
Sif Muna
Trog
Uskayaw
Vehumet
Wu Jian
Xom
Zin
Beogh
Jiyva

Shops:
D:7 [[?[   D:9 ?   D:11 %   Orc:2 ?}=}

Annotations:
D:11 exclusion: 2 doors
Lair:5 2 transporters, Mumum's ghost, journeyman DrFE
Swamp:3 Roxanne


Innate Abilities, Weirdness & Mutations

You reflexively headbutt those who attack you in melee.
You have a pair of horns on your head.


Message History

The spriggan rider hits you from afar with a +0 spear.
* * * LOW HITPOINT WARNING * * *
You hit Roxanne but do no damage. You headbutt Roxanne!
Roxanne is heavily damaged.
You chop the tyrant leech into pieces!!!
You freeze the tyrant leech!
You kill the tyrant leech!
Trog accepts your kill.
You slash the swamp drake! You freeze the swamp drake.
You headbutt the swamp drake!
You kill the swamp drake!
Trog accepts your kill.
You hit Roxanne but do no damage.
The spriggan rider hits you from afar with a +0 spear.
* * * LOW HITPOINT WARNING * * *
You slice Roxanne!!
Roxanne is severely damaged.
Roxanne casts a spell.
The iron shot hits you!!
You die...

*≈≈≈.§≈≈≈≈..♣♣♣..♣ *,,,* *≈
*≈≈≈..≈≈≈≈≈♣♣ ♣♣≈♣ *,≈≈***,
**,^≈≈§.....♣ ♣♣§♣♣ ******≈≈≈**≈,
*≈≈≈≈≈≈..♣♣♣♣♣♣)♣♣♣**≈,,≈,,**,,,≈
*,≈≈....♣♣♣♣♣♣§≈§.♣*≈,≈≈≈,**,,,≈≈
*,≈.♣≈..≈...≈....≈♣*≈≈≈≈,,,,***,≈
**≈,≈≈.,,,≈≈.≈≈wi≈♣♣*,,,,≈≈≈≈≈≈*≈
*,,,≈,,.≈≈≈≈♣.....♣♣*≈≈,≈≈,≈≈≈,≈
*,,,,,,≈≈≈≈♣♣.°@8..♣*≈≈,,,,,≈≈≈≈
*,,≈,≈≈≈≈≈≈♣°♣°†).≈§.≈.,,*≈,≈≈≈≈
*≈*,,≈≈≈≈≈≈.☼°°.♣♣§.≈..*****≈≈≈≈
**≈≈,,≈≈≈§≈○○○○♣♣*,≈≈.♣* *,≈≈≈*
*,,,≈,,.≈≈.D≈≈≈♣ *,,≈.≈* **,,,≈*
*≈,≈≈,,≈≈≈°...≈♣***,,.≈***,*,*,,
****,,≈§≈○♣♣♣≈..≈,,>**♣**,*,*,*,
**,,≈≈≈≈.**♣≈≈.≈≈,,** *,*,*,*,*
*,,≈≈≈≈≈,≈**≈,*****≈***,,*,∩,*,


You could see Roxanne, a swamp dragon, a tyrant leech and a spriggan rider.

Vanquished Creatures
  Nikola (Swamp:1)
  Rupert (Lair:6)
  A thorn hunter (Swamp:1)
  A fire giant (D:15)
  Louise (Swamp:2)
  An ironheart preserver (D:13)
  A minotaur (Gauntlet)
  A fire dragon (Lair:6)
  10 hydras
  A ghost crab (Swamp:2)
  2 shambling mangroves (Swamp:1)
  7 ogre magi (D:15)
  6 two-headed ogres
  2 centaur warriors
  6 alligators
  A tengu warrior (D:14)
  A death yak (Lair:5)
  5 orc high priests (Orc:2)
  A queen ant (Gauntlet)
  Urug (Lair:2)
  Nergalle (Lair:2)
  A hell knight (Volcano)
  A salamander mystic (Volcano)
  2 glowing orange brains (Gauntlet)
  3 unseen horrors
  3 wizards
  A spriggan druid (Swamp:3)
  5 swamp dragons
  Pikel (D:8)
  A wolf spider zombie (D:14)
  7 ugly things
  2 deep elf magi
  6 orc knights
  An orc sorcerer (Orc:1)
  5 cyclopes
  A worldbinder (Gauntlet)
  5 oklob plants
  Joseph (D:8)
  5 elephants (Lair:1)
  5 salamanders (Volcano)
  A guardian serpent (shapeshifter) (D:14)
  Maurice (D:8)
  2 torpor snails
  2 gargoyles (D:11)
  9 black mambas
  15 spiny frogs
  3 kobold demonologists
  2 rime drakes (Lair:6)
  A yaktaur (D:11)
  6 komodo dragons
  2 freezing wraiths
  An efreet (D:11)
  12 polar bears
  4 trolls
  A meliai (shapeshifter) (D:15)
  8 tyrant leeches
  8 hornets
  6 bog bodies
  2 raiju (Lair:6)
  Prince Ribbit (D:8)
  22 blink frogs
  12 dream sheep
  9 hippogriffs
  8 spriggans
  3 shadows
  5 wraiths
  42 yaks
  6 fire bats (Volcano)
  4 wyverns
  A steam dragon (Lair:6)
  5 basilisks
  10 vampire mosquitoes
  5 hungry ghosts
  5 insubstantial wisps (Swamp:1)
  6 swamp worms
  2 nagas (Lair:4)
  14 water moccasins
  4 acid dragons
  13 hell hounds (Lair:6)
  7 soldier ants
  6 wargs (Lair:6)
  10 porcupines
  10 swamp drakes
  37 orc warriors
  12 black bears
  3 ice beasts
  4 phantoms
  2 necrophages
  8 ogres
  21 wolves
  12 centaurs
  6 boggarts
  14 crocodiles
  4 big kobolds
  20 bullfrogs
  A wyvern zombie (D:11)
  A water moccasin skeleton (D:8)
  2 scorpions
  5 killer bees (D:8)
  A troll zombie (D:12)
  4 wights (D:8)
  2 electric eels
  5 howler monkeys
  4 bullfrog zombies
  7 crimson imps
  5 lava snakes (Volcano)
  10 hounds
  5 centaur zombies
  26 orc priests
  11 jellies
  5 bullfrog skeletons
  A quasit (D:14)
  2 gnoll shamans
  25 orc wizards
  7 centaur skeletons
  8 iguanas
  11 worker ants
  7 ogre zombies (D:12)
  2 human simulacra (D:13)
  2 hound zombies
  A hound skeleton (D:8)
  A worker ant zombie (D:5)
  18 gnolls
  11 adders
  3 shadow imps
  17 oozes
  3 adder skeletons
  3 worms (D:3)
  4 leopard geckos
  90 orcs
  6 bats
  5 giant cockroaches
  5 goblins
  18 hobgoblins
  11 jackals
  22 kobolds
  3 quokkas
  5 frilled lizards
  2 goblin zombies (D:12)
  A hobgoblin skeleton (D:12)
  3 hobgoblin zombies (D:12)
  4 orc skeletons (D:12)
  15 orc zombies (D:12)
  7 rats
  4 briar patches (Swamp:1)
  8 fungi
  11 plants
987 creatures vanquished.

Vanquished Creatures (others)
  An alligator (Swamp:1)
  A shadow (D:13)
  3 slaves (D:8)
  A necrophage (D:8)
  A hound (D:8)
  An adder (D:8)
  4 orcs (D:8)
  A bush (Lair:2)
  15 fungi
  24 plants
52 creatures vanquished.

Grand Total: 1039 creatures vanquished

Notes
Turn   | Place    | Note
-------+----------+-------------------------------------------
     0 | D:1      | zhorgal the Minotaur Berserker began the quest for the Orb.
     0 | D:1      | Reached XP level 1. HP: 19/19 MP: 0/0
   191 | D:1      | Reached skill level 4 in Axes
   380 | D:1      | Reached XP level 2. HP: 25/26 MP: 1/1
   630 | D:2      | Found a hide-covered altar of Uskayaw.
   630 | D:2      | Found a glowing silver altar of Zin.
   630 | D:2      | Found a bloodstained altar of Trog.
   774 | D:2      | Reached skill level 5 in Axes
  1050 | D:2      | Reached XP level 3. HP: 31/31 MP: 2/2
  1235 | D:2      | Reached XP level 4. HP: 32/39 MP: 3/3
  1287 | D:2      | Reached skill level 6 in Axes
  1367 | D:3      | Reached ** piety under Trog
  1635 | D:3      | Found an opulent altar of Gozag.
  1692 | D:3      | Reached skill level 7 in Axes
  1692 | D:3      | Reached XP level 5. HP: 28/45 MP: 4/4
  1901 | D:3      | Found a shattered altar of Ashenzari.
  2627 | D:4      | Found a shimmering blue altar of Sif Muna.
  2631 | D:4      | Reached XP level 6. HP: 44/52 MP: 5/5
  2683 | D:4      | Found a radiant altar of Vehumet.
  2761 | D:4      | Found an ornate altar of the Wu Jian Council.
  2812 | D:4      | Reached skill level 8 in Axes
  2972 | D:4      | Reached *** piety under Trog
  3017 | D:4      | Reached skill level 1 in Evocations
  3125 | D:4      | Reached XP level 7. HP: 60/60 MP: 6/6
  3809 | D:5      | Entered Level 5 of the Dungeon
  3814 | D:5      | Found an iron altar of Okawaru.
  4001 | D:5      | Reached skill level 5 in Fighting
  4001 | D:5      | Reached skill level 9 in Axes
  4006 | D:5      | Reached XP level 8. HP: 54/68 MP: 8/8
  5145 | D:6      | Reached skill level 5 in Armour
  5168 | D:6      | Reached **** piety under Trog
  5305 | D:6      | Found a snail-covered altar of Cheibriados.
  5306 | D:6      | Got a dazzling leather armour
  5474 | D:6      | Reached skill level 10 in Axes
  5641 | D:7      | Noticed a hippogriff
  5651 | D:7      | Killed a hippogriff
  5651 | D:7      | Reached skill level 5 in Dodging
  5652 | D:7      | Found a shadowy altar of Dithmenos.
  5822 | D:7      | Found Esefi's Armour Shop.
  5826 | D:7      | Bought a +0 shield for 63 gold pieces
  5886 | D:7      | Found a staircase to the Ecumenical Temple.
  5936 | D:7      | Found Hudoib's Armour Shoppe.
  5944 | D:7      | Bought a +0 pair of boots for 67 gold pieces
  5965 | D:7      | Found Boogrol's Magic Scroll Boutique.
  5977 | D:7      | Bought a scroll of identify for 28 gold pieces
  5977 | D:7      | Bought a scroll of identify for 28 gold pieces
  5977 | D:7      | Bought a scroll of teleportation for 42 gold pieces
  5977 | D:7      | Bought a scroll of teleportation for 42 gold pieces
  6000 | D:7      | Found Atyenwaf's Armour Shop.
  6025 | D:7      | Bought a +0 pair of gloves for 45 gold pieces
  6132 | D:7      | Found a sparkling altar of Nemelex Xobeh.
  6306 | D:7      | Reached skill level 1 in Shields
  6306 | D:7      | Reached XP level 9. HP: 75/75 MP: 10/10
  6847 | D:8      | Noticed Prince Ribbit
  6873 | D:8      | Reached skill level 11 in Axes
  6889 | D:8      | Killed Prince Ribbit
  6892 | D:8      | Noticed Maurice
  6901 | D:8      | Killed Maurice
  6919 | D:8      | Reached ***** piety under Trog
  6958 | D:8      | Noticed Pikel
  6980 | D:8      | Killed Pikel
  6980 | D:8      | Reached XP level 10. HP: 60/88 MP: 12/12
  7076 | D:8      | Reached skill level 12 in Axes
  7129 | D:8      | Reached skill level 5 in Evocations
  7137 | D:8      | Found a staircase to the Lair.
  7450 | D:8      | Reached skill level 5 in Shields
  7658 | D:8      | Noticed Joseph
  7672 | D:8      | Killed Joseph
  8115 | D:9      | Found Saeryihoch's Magic Scroll Shop.
  8128 | D:9      | Bought a scroll of teleportation for 39 gold pieces
  8128 | D:9      | Bought a scroll of teleportation for 39 gold pieces
  8219 | D:9      | Found a roughly hewn altar of Beogh.
  8224 | D:9      | Reached skill level 13 in Axes
  8226 | D:9      | Received a gift from Trog
  8427 | D:10     | Entered Level 10 of the Dungeon
  8803 | D:10     | Killed an unseen horror
  8871 | D:10     | Reached XP level 11. HP: 89/97 MP: 4/14
  9099 | D:11     | Found Bimunios's Food Boutique.
  9188 | D:11     | Noticed a white ugly thing
  9202 | D:11     | Killed a white ugly thing
  9261 | D:11     | Noticed a cyan ugly thing
  9283 | D:11     | Killed a cyan ugly thing
  9325 | D:11     | Found a flagged portal.
  9343 | Bailey   | Entered a bailey
 10354 | D:11     | Reached skill level 14 in Axes
 10730 | D:11     | Identified the +5 war axe of Instinct {flame, rElec rN+}
 10924 | D:11     | Noticed a five-headed hydra
 10930 | D:11     | Killed a one-headed hydra
 10930 | D:11     | Reached skill level 10 in Fighting
 10996 | D:11     | Noticed a two-headed hydra
 11000 | D:11     | Killed a one-headed hydra
 11126 | D:11     | Noticed a green ugly thing
 11136 | D:11     | Killed a green ugly thing
 11426 | D:11     | Killed an unseen horror
 11844 | Lair:1   | Entered Level 1 of the Lair of Beasts
 12041 | Lair:1   | Reached skill level 15 in Axes
 12050 | Lair:1   | Reached XP level 12. HP: 100/107 MP: 16/16
 12160 | Lair:1   | Received a gift from Trog
 13182 | Lair:2   | Noticed Nergalle
 13197 | Lair:2   | Killed Nergalle
 13352 | Lair:2   | Reached skill level 16 in Axes
 13373 | Lair:2   | Noticed Urug
 13391 | Lair:2   | Killed Urug
 13943 | Lair:2   | Noticed a seven-headed hydra
 13951 | Lair:2   | Killed a five-headed hydra
 14330 | Lair:2   | Reached XP level 13. HP: 117/117 MP: 18/18
 14633 | Lair:3   | Found a dark tunnel.
 14639 | Volcano  | Entered a volcano
 14803 | Volcano  | Received a gift from Trog
 15072 | Volcano  | Found a bloodstained altar of Trog.
 15155 | Volcano  | Found a radiant altar of Vehumet.
 15389 | Lair:3   | Reached ****** piety under Trog
 15436 | Lair:3   | You fall into a shaft and drop 2 floors!
 15529 | Lair:5   | Found a transporter.
 15533 | Lair:5   | Found a transporter.
 15534 | Lair:5   | Noticed Mumum's ghost (journeyman DrFE)
 16198 | Lair:4   | Found a staircase to the Swamp.
 16502 | Lair:4   | Found a staircase to the Snake Pit.
 18619 | Lair:6   | Entered Level 6 of the Lair of Beasts
 19038 | Lair:5   | Reached skill level 17 in Axes
 19038 | Lair:5   | Reached XP level 14. HP: 91/127 MP: 20/20
 19055 | Lair:5   | Identified the Handbook of the Bewitching Rocks
 19665 | Lair:6   | Reached skill level 10 in Evocations
 19956 | Lair:6   | Reached skill level 10 in Armour
 20194 | Lair:6   | Found a viscous altar of Jiyva.
 20194 | Lair:6   | Found a staircase to the Slime Pits.
 20584 | Lair:6   | Noticed Rupert
 20596 | Lair:6   | Killed Rupert
 20848 | Lair:6   | Received a gift from Trog
 20883 | Lair:6   | Identified a scroll of acquirement
 22068 | D:12     | Reached skill level 10 in Dodging
 22717 | D:12     | Found a staircase to the Orcish Mines.
 22852 | D:12     | Received a gift from Trog
 23066 | Orc:1    | Entered Level 1 of the Orcish Mines
 23266 | Orc:2    | Entered Level 2 of the Orcish Mines
 23650 | Orc:2    | Found a staircase to the Elven Halls.
 23804 | Orc:2    | Reached XP level 15. HP: 92/138 MP: 21/21
 24277 | Orc:2    | Found a shimmering altar of Xom.
 24585 | Orc:2    | Reached skill level 18 in Axes
 24823 | Orc:2    | Received a gift from Trog
 24956 | Orc:2    | Found Motoch's Magic Scroll Boutique.
 24959 | Orc:2    | Found Aneusesme's Jewellery Shop.
 24960 | Orc:2    | Found Sana's Gadget Boutique.
 24961 | Orc:2    | Found Teopn's Gadget Boutique.
 25382 | D:13     | Found a gate leading to a gauntlet.
 25452 | Gauntlet | Entered a Gauntlet
 25452 | Gauntlet | Found a transporter.
 25460 | Gauntlet | Found a transporter.
 25477 | Gauntlet | Found a transporter.
 25477 | Gauntlet | Found a transporter.
 25482 | Gauntlet | Found a large runed translucent door.
 25483 | Gauntlet | Found a large runed translucent door.
 25483 | Gauntlet | Found a large runed translucent door.
 25483 | Gauntlet | Found a large runed translucent door.
 25487 | Gauntlet | Found a transporter.
 25491 | Gauntlet | Found a large runed translucent door.
 25491 | Gauntlet | Found a large runed translucent door.
 25491 | Gauntlet | Found a runed translucent door.
 25491 | Gauntlet | Found a runed translucent door.
 25491 | Gauntlet | Found a large runed translucent door.
 25494 | Gauntlet | Found a transporter.
 25510 | Gauntlet | Found a large runed translucent door.
 25511 | Gauntlet | Found a large runed translucent door.
 25512 | Gauntlet | Found a large runed translucent door.
 25521 | Gauntlet | Found a transporter.
 25529 | Gauntlet | Found a transporter.
 25556 | Gauntlet | Got a clouded tin ring
 25599 | Gauntlet | Identified the ring of Trepidation {+Fly rPois rF+ rC+++
                  | Str-5} (You found it in a Gauntlet)
 25618 | Gauntlet | Found a transporter.
 25639 | Gauntlet | Found a large runed translucent door.
 25639 | Gauntlet | Found a large runed translucent door.
 25640 | Gauntlet | Found a large runed translucent door.
 25644 | Gauntlet | Found a large runed translucent door.
 25645 | Gauntlet | Found a large runed translucent door.
 25646 | Gauntlet | Found a large runed translucent door.
 25674 | Gauntlet | Found a transporter.
 25724 | Gauntlet | Found a transporter.
 25725 | Gauntlet | Found the +9 scales of the Dragon King {rPois rF+ rC+ MR+}
 25978 | Gauntlet | Found a transporter.
 26082 | D:13     | Found a gate to the Vaults.
 27492 | D:14     | Received a gift from Trog
 28443 | D:15     | Entered Level 15 of the Dungeon
 28581 | D:15     | Reached skill level 15 in Fighting
 28582 | D:15     | Reached skill level 19 in Axes
 28966 | D:15     | Found the +12 glaive of Prune {chop}
 29147 | D:15     | Found a staircase to the Depths.
 29147 | D:15     | Noticed a fire giant
 29553 | D:15     | Killed a fire giant
 29553 | D:15     | Received a gift from Trog
 29761 | D:15     | Found a shadowy altar of Dithmenos.
 30126 | Swamp:1  | Entered Level 1 of the Swamp
 30227 | Swamp:1  | Reached XP level 16. HP: 125/148 MP: 22/22
 30703 | Swamp:1  | Noticed Nikola
 30723 | Swamp:1  | Killed Nikola
 31562 | Swamp:1  | Noticed a thorn hunter
 31571 | Swamp:1  | Killed a thorn hunter
 31991 | Swamp:2  | Received a gift from Trog
 32247 | Swamp:2  | Noticed Louise
 32269 | Swamp:2  | Killed Louise
 32269 | Swamp:2  | Reached skill level 10 in Shields
 32940 | Swamp:3  | Identified Roxanne's Handbook of Earth
 32940 | Swamp:3  | Noticed Roxanne
 32966 | Swamp:3  | Killed from afar by Roxanne

Levels and vault maps discovered:
D:1:      lightli_arrival_quake, layout_loops_ring,
          chequers_serial_rivers_micro_b
D:2:      layout_rooms, chequers_temple_overflow_statue_of_worship
D:3:      layout_rooms, grunt_gozag_breadcrumbs, evilmike_ruin_ashenzari
D:4:      minmay_thinvault, layout_loops_ring, kennysheep_mini_moat,
          kennysheep_little_box, vehumet_altar_wand_db, roderic_lattice_a,
          minmay_between
D:5:      layout_basic, okawaru_metal_pillars_1_2, first_ration
D:6:      layout_rooms, cheibriados_altar_1, kennysheep_generic_room_7
D:7:      layout_loops_ring, marbit_many_paths,
          minmay_temple_entry_drinking_statues, basic_altar, serial_shops, shop,
          shop_fountains, shop, nicolae_shop_statue_plus
D:8:      layout_loops_ring, erik_lair_island, uniq_joseph, uniq_maurice,
          uniq_pikel, uniq_prince_ribbit1
D:9:      layout_rooms, serial_shops, shop, special_room [special_room_orc]
D:10:     layout_small_grid
D:11:     layout_stronghold, enter_bailey_2, serial_shops, kennysheep_mini,
          hangedman_ranch [blue_anna_fruit_fields], minivault_27,
          minmay_shattered_shrine
D:12:     layout_loops_cross, zombieorc2_lemuel
D:13:     lemuel_slime, layout_basic, skrybe_vaults_entry_preservation,
          gauntlet_entry_generic, bh_circular_ruins
D:14:     layout_loops_ring, minmay_curled_crystal
D:15:     grunt_enter_depths_giant_problem, layout_loops_ring,
          serial_bayou_pond_b, basic_altar, minmay_guarded_unrand_prune
Lair:1:   layout_roguey, grunt_megastairs_1
Lair:2:   layout_roguey, uniq_urug, uniq_nergalle
Lair:3:   layout_big_grid, nicolae_volcano_entry_two_sided,
          infiniplex_staircase_pool_2
Lair:4:   layout_regular_city, minmay_swamp_entry_worms,
          guppyfry_snake_entry_garden, eino_small_chamber_without_monster
Lair:5:   layout_layer_cave, gammafunk_ghost_hive,
          grunt_forest_large_clearing_hut, minmay_lair_oklob_chamber
Lair:6:   guppyfry_lair_end_dragon, layout_misc_corridors,
          hangedman_lair_caniforms_friends, slime_altar_1,
          serial_bayou_lagoon_a, uniq_rupert
Swamp:1:  layout_basic_swamp, nicolae_swamp_trees_clearing, uniq_nikola
Swamp:2:  layout_basic_swamp, hangedman_swamp_ruin_wall,
          infiniplex_staircase_pool, uniq_louise
Swamp:3:  layout_basic_swamp, portal_ice_cave_entry_pillars_four,
          nicolae_swamp_very_dense_foliage, uniq_roxanne, uniq_mara
Orc:1:    layout_diamond_mine
Orc:2:    st_orc_pillars, layout_diamond_mine, basic_altar

Skill      XL: |  1  2  3  4  5  6  7  8  9 10 11 12 13 14 15 16 |
---------------+-------------------------------------------------+-----
Axes           | 4 5 7 8 9 10 11 13 15 16 17 19 | 19.7
Fighting       | 4 5 6 7 9 10 11 12 14 15 | 15.8
Armour         | 3 4 5 7 9 11 12 13 | 13.5
Dodging        | 3 4 5 6 8 10 11 12 | 12.6
Evocations     | 1 2 3 4 6 7 8 9 10 | 10.0
Shields        | 1 4 6 8 9 10 | 10.3

Action                   |  1- 3 |  4- 6 |  7- 9 | 10-12 | 13-15 | 16-18 || total
-------------------------+-------+-------+-------+-------+-------+-------++-------
Melee: Hand axe          |    45 |    19 |       |       |       |       ||    64
       Headbutt          |     4 |    20 |    57 |   157 |   332 |    84 ||   654
       War axe           |       |   110 |   288 |   678 |   656 |    37 ||  1769
       Broad axe         |       |       |       |       |   706 |   294 ||  1000
       Executioner's axe |       |       |       |       |    62 |       ||    62
Invok: Berserk           |       |     1 |     2 |     7 |     7 |     1 ||    18
       Trog's Hand       |       |       |     1 |     4 |     5 |     1 ||    11
Evoke: Wand              |       |       |     5 |     2 |     2 |       ||     9
  Use: Scroll            |       |     6 |    11 |     6 |    16 |     3 ||    42
       Potion            |       |       |       |       |     2 |       ||     2
 Stab: Confused          |       |       |       |       |     1 |     1 ||     2
  Eat: Chunk             |     1 |     7 |    11 |    26 |    56 |     7 ||   108
       Ration            |       |       |     1 |     2 |     2 |     1 ||     6
Armor: Animal skin       |    17 |     2 |       |       |       |       ||    19
       Chain mail        |       |    23 |       |       |       |       ||    23
       Plate armour      |       |    45 |   204 |   259 |   523 |   117 ||  1148
       Acid dragon scale |       |       |       |       |     1 |       ||     1
Dodge: Dodged            |    38 |    31 |   104 |   141 |   381 |    78 ||   773
Block: Shield            |       |       |    50 |   302 |   539 |       ||   891
       Large shield      |       |       |       |       |   113 |   236 ||   349
